 Dungeon Crawl Stone Soup version 0.31-a0-521-gc7390f8997 (webtiles) character file.

Game seed: 6923233055645045073

21651 IdlyInterested the Mimic (level 12, -24/93 HPs)
             Began as a Demonspawn Shapeshifter on Aug 10, 2023.
             Was an Elder of Makhleb.
             Hit by a large rock thrown by a cyclops (30 damage)
             ... on level 12 of the Dungeon.
             The game lasted 00:42:13 (11651 turns).

IdlyInterested the Mimic (Demonspawn Shapeshifter) Turns: 11651, Time: 00:42:15

Health: -24/93     AC: 16    Str: 17    XL:     12   Next: 56%
Magic:  0/18       EV: 17    Int:  8    God:    Makhleb [****..]
Gold:   485        SH:  0    Dex: 17    Spells: 19/19 levels left

rFire   + .          .
                       - Unarmed
rCold   . . .        j - melded +0 kite shield
rNeg    . . .        y - +3 ring mail {rF+}
rPois   .            n - +1 hat
rElec   .            O - +0 cloak
rCorr   .            r - +0 pair of gloves
SInv    .            (boots unavailable)
Will    .....        U - amulet of magic regeneration
Stlth   +            s - +5 ring of evasion
HPRegen 0.35/turn    Q - +4 ring of protection
MPRegen 0.72/turn

%: guardian spirit
@: flux-form, on berserk cooldown, slowed, glowing, very slow
A: glow, contaminating, hooves 3, rugged brown scales 1, foul stench 1, magic
shield, magic regeneration, dopey 1, robust 1
a: Begin Untransformation, Renounce Religion, Minor Destruction, Lesser Servant
of Makhleb, Major Destruction


You were on level 12 of the Dungeon.
You worshipped Makhleb.
Makhleb was greatly pleased with you.
You were something dangerously unstable.
You visited 2 branches of the dungeon, and saw 13 of its levels.

You collected 702 gold pieces.
You spent 217 gold pieces at shops.

Inventory:

Hand Weapons
 N - a +0 broad axe
 S - a +0 broad axe of draining
Missiles
 o - 59 stones (quivered)
 v - 23 poisoned darts
 F - 4 throwing nets
 V - 4 curare-tipped darts
Armour
 g - the +2 leather armour of Entitlement {rN+ Slay+2}
   (You took it off an orc wizard on level 9 of the Dungeon)

   Slay+2:    It affects your accuracy & damage with ranged weapons and melee
   (+2).
   rN+:       It protects you from negative energy.
 j - a +0 kite shield (melded)
 n - a +1 hat (worn)
 q - the +1 robe "Put-Me-On" {rElec}
   (You found it on level 11 of the Dungeon)

   rElec:     It insulates you from electricity.
 r - a +0 pair of gloves (worn)
 y - a +3 ring mail of fire resistance (worn)
 O - a +0 cloak (worn)
 Y - +0 acid dragon scales
Jewellery
 k - the ring "Dubbitegg" {rC+ Str+5}
   (You acquired it on level 9 of the Dungeon)

   [ring of protection from cold]

   Str+5:     It affects your strength (+5).
   rC+:       It protects you from cold.
 s - a +5 ring of evasion (left hand)
 C - a ring of ice
 I - an amulet of regeneration
 L - a ring of flight
 Q - a +4 ring of protection (right hand)
 U - an amulet of magic regeneration (around neck)
 W - a ring of poison resistance
Talismans
 c - a beast talisman
 d - a flux talisman (active)
 H - a blade talisman
Wands
 B - a wand of light (11)
 J - a wand of flame (16)
 K - a wand of mindburst (16)
 R - a wand of paralysis (19)
Scrolls
 f - 2 scrolls of enchant weapon
 l - 3 scrolls of blinking
 m - 2 scrolls of immolation
 p - 2 scrolls of enchant armour
 w - 5 scrolls of teleportation
 x - a scroll of amnesia
 A - 2 scrolls of revelation
 G - a scroll of silence
 X - 3 scrolls of identify
 Z - a scroll of fear
Potions
 a - 2 potions of might
 b - 2 potions of lignification
 e - 2 potions of enlightenment
 h - a potion of resistance
 i - 4 potions of curing
 t - a potion of brilliance
 u - a potion of mutation
 z - a potion of cancellation
 D - 2 potions of ambrosia
 E - 2 potions of magic
 M - a potion of invisibility


   Skills:
 - Level 4.0 Fighting
 - Level 2.0 Throwing
 - Level 2.0 Armour
 - Level 4.0 Dodging
 - Level 2.0 Stealth
 - Level 2.0 Shields
 + Level 10.7 Unarmed Combat
 - Level 4.0 Spellcasting
 + Level 5.1 Invocations
 - Level 2.0 Evocations
 * Level 12.0 Shapeshifting


You had 19 spell levels left.
You didn't know any spells.
Your spell library contained the following spells:

 Spells                   Type           Power      Damage    Failure   Level
 Magic Dart               Conj           4%         1d3       45%         1
 Ensorcelled Hibernation  Hex/Ice        2%         N/A       61%         2
 Searing Ray              Conj           2%         2d4       61%         2
 Static Discharge         Conj/Air       2%         2-3/arc   61%         2
 Inner Flame              Hex/Fire       1%         N/A       83%         3
 Ozocubu's Armour         Ice            1%         N/A       83%         3
 Airstrike                Air            0%         2d(1-17)  99%         4
 Anguish                  Hex/Necr       0%         N/A       99%         4
 Flame Wave               Conj/Fire      1%         2d4       99%         4
 Fulminant Prism          Conj/Hex       0%         3d5       99%         4
 Sticky Flame             Conj/Fire      1%         2d3       99%         4
 Summon Lightning Spire   Summ/Air       1%         N/A       99%         4
 Metabolic Englaciation   Hex/Ice        0%         N/A       100%        5
 Simulacrum               Ice/Necr       0%         N/A       100%        6


Dungeon Overview and Level Annotations

Branches:
Dungeon (12/15)            Temple (1/1) D:4            Lair (0/5) D:9
    Orc (0/2) D:10

Altars:
Ashenzari
Cheibriados
Dithmenos
Fedhas
Gozag
Hepliaklqana
Kikubaaqudgha
Makhleb
Nemelex Xobeh
Okawaru
Qazlal
Ru
Sif Muna
Trog
Uskayaw
Vehumet
Wu Jian
Xom
Yredelemnul

Shops:
D:6 :   D:7 *   D:8 :

Portals:
Trove: D:12 (give 18 potions of curing)


Innate Abilities, Weirdness & Mutations

You are something dangerously unstable.
You glow with magical radiation, making you easy to see and hit.
Foes you strike become dangerously contaminated with magical radiation.
You are incapable of wielding weapons or throwing items.
You have hooves in place of feet.
You are partially covered in rugged brown scales. (AC +1, +3% HP)
You may rarely emit foul miasma when damaged in melee.
When hurt, damage is shared between your health and your magic reserves.
You regenerate magic rapidly.
You are dopey. (Int -2)
You are robust. (+10% HP)


Message History

You barely miss the deep elf pyromancer.
You kick the deep elf pyromancer!
The deep elf pyromancer is severely wounded.
The deep elf pyromancer closely misses you.
The fire elemental completely misses you. x2
You hit the deep elf pyromancer but do no damage.
The deep elf pyromancer glows dangerously bright.
The deep elf pyromancer is severely wounded.
The deep elf pyromancer hits you but does no damage.
The fire elemental hits you. The fire elemental burns you! You resist.
* * * LOW HITPOINT WARNING * * *
You punch the deep elf pyromancer!
The deep elf pyromancer shudders as magic cascades through it.
You kill the deep elf pyromancer!
Makhleb accepts your kill.
You feel better.
The fire elemental disappears in a puff of smoke! x3
You are no longer berserk.
You are exhausted.
You feel yourself slow down.
Things that are here:
a +0 dagger; a +0 scale mail; an elf corpse A cyclops comes into view.
The cyclops shouts!
A yaktaur comes into view.
You see here a basilisk corpse.
The yaktaur shouts!
The yaktaur wields a +0 arbalest.
The yaktaur shoots a bolt.
The bolt hits you!
* * * LOW HITPOINT WARNING * * *
The cyclops throws a large rock.
The large rock misses you.
Things that are here:
a +0 war axe; a +0 chain mail; an orc corpse The cyclops throws a large rock.
The large rock barely misses you. 2 slime creatures come into view.
The slime creature quivers. x2
Two slime creatures merge to form a large slime creature.
A skeletal warrior comes into view. It is wielding a +0 scimitar.
A gargoyle comes into view. It is wielding a +0 morningstar.
The cyclops throws a large rock.
The large rock hits you!!!
You die...

.....#.....##.#####..
.
.....................
.
.....#......#.#####.
# .....#####.##.#
.....# #.##.#
..##.############.
#.##...)..........$
#.##.##†)#.########
#.......B.........
#..###C###.###.#.#
#.. ... .... #. #.##
.###.# #.... .. ...
9J# .# #.# z. .. ...
.# .#


You could see a skeletal warrior, a large slime creature, a cyclops and a
gargoyle (wandering).

Vanquished Creatures
  2 hydras
  3 two-headed ogres
  2 boulder beetles (D:11)
  A tengu warrior (D:10)
  Pikel (D:5)
  An orc knight (D:12)
  A wizard (D:9)
  A deep elf pyromancer (D:12)
  2 ugly things
  2 manticores (D:11)
  3 cyclopes
  Maggie (D:7)
  2 trolls
  Sigmund (D:5)
  A slime creature (D:9)
  A shadow (D:9)
  A wraith (D:11)
  3 wyverns (D:9)
  A basilisk (D:12)
  31 yaks
  9 vampire mosquitoes
  4 acid dragons
  2 water moccasins (D:9)
  5 orc warriors
  A sky beast (D:8)
  2 ice beasts (D:7)
  5 ogres (D:10)
  7 centaurs
  A phantom (D:4)
  7 kobold brigands
  3 bullfrogs
  5 gnoll sergeants
  4 scorpions
  10 killer bees
  2 howler monkeys
  4 orc priests
  Crazy Yiuf (D:7)
  2 gnoll boudas (D:6)
  3 hounds
  A jelly (D:7)
  3 sleepcaps
  11 orc wizards
  4 iguanas
  Natasha (thrice) (D:2)
  6 adders
  21 gnolls
  A shadow imp (D:6)
  2 white imps
  5 dart slugs
  2 worms (D:2)
  28 orcs
  10 ball pythons
  2 endoplasms
  7 giant cockroaches
  6 goblins
  7 hobgoblins
  2 jackals (D:1)
  5 quokkas
  4 bats
  A frilled lizard (D:1)
  9 kobolds
  4 rats
282 creatures vanquished.

Notes
Turn   | Place    | Note
-------+----------+-------------------------------------------
     0 | D:1      | IdlyInterested the Demonspawn Shapeshifter began the quest
                  | for the Orb.
     0 | D:1      | Reached XP level 1. HP: 15/15 MP: 1/1
   262 | D:1      | Gained mutation: You regenerate magic rapidly. [demonic
                  | ancestry]
   262 | D:1      | Reached XP level 2. HP: 20/21 MP: 2/2
   363 | D:1      | Reached skill level 3 in Shapeshifting
  1164 | D:2      | Gained mutation: You have large cloven feet. [demonic
                  | ancestry]
  1164 | D:2      | Reached XP level 3. HP: 24/26 MP: 3/3
  1266 | D:2      | Noticed Natasha
  1270 | D:2      | Killed Natasha
  1463 | D:2      | Noticed Natasha
  1472 | D:2      | Killed Natasha
  1473 | D:2      | Gained mutation: You have hoof-like feet. [demonic
                  | ancestry]
  1473 | D:2      | Reached XP level 4. HP: 22/33 MP: 4/4
  1733 | D:2      | Reached skill level 1 in Armour
  1883 | D:2      | Noticed Natasha
  1895 | D:2      | Killed Natasha
  2294 | D:3      | Reached skill level 1 in Stealth
  2424 | D:3      | Gained mutation: You are partially covered in rugged brown
                  | scales. (AC +1, +3% HP) [demonic ancestry]
  2424 | D:3      | Reached XP level 5. HP: 19/39 MP: 5/5
  2616 | D:3      | Reached skill level 1 in Throwing
  2653 | D:3      | Found an ornate altar of the Wu Jian Council.
  3469 | D:4      | Gained mutation: You are dopey. (Int -2) [potion of
                  | mutation]
  3469 | D:4      | Gained mutation: You are robust. (+10% HP) [potion of
                  | mutation]
  3507 | D:4      | Found a staircase to the Ecumenical Temple.
  3512 | Temple   | Entered the Ecumenical Temple
  3547 | D:4      | Reached skill level 4 in Shapeshifting
  3688 | D:4      | Gained mutation: When hurt, damage is shared between your
                  | health and your magic reserves. [demonic ancestry]
  3688 | D:4      | Reached XP level 6. HP: 47/49 MP: 7/7
  3759 | D:4      | Reached skill level 1 in Spellcasting
  4469 | D:4      | Gained mutation: You may rarely emit foul miasma when
                  | damaged in melee. [demonic ancestry]
  4469 | D:4      | Reached XP level 7. HP: 41/56 MP: 8/10
  4790 | D:5      | Entered Level 5 of the Dungeon
  4829 | D:5      | Noticed Pikel
  4829 | D:5      | Noticed Sigmund
  4842 | D:5      | Killed Pikel
  4843 | D:5      | Reached skill level 5 in Unarmed Combat
  4843 | D:5      | Reached skill level 5 in Shapeshifting
  4843 | D:5      | Reached XP level 8. HP: 36/63 MP: 8/11
  4850 | D:5      | Killed Sigmund
  4851 | D:5      | Reached skill level 1 in Evocations
  4851 | D:5      | Reached skill level 6 in Shapeshifting
  4985 | D:5      | Found a broken altar of Ashenzari.
  5225 | D:5      | Found a bloodstained altar of Trog.
  5621 | D:6      | Found a blossoming altar of Fedhas.
  5760 | D:6      | Found Riajac's Book Shop.
  5931 | D:7      | Gained mutation: You have hooves in place of feet. [demonic
                  | ancestry]
  5931 | D:7      | Reached XP level 9. HP: 59/72 MP: 12/12
  6063 | D:7      | Found a runed translucent door.
  6064 | D:7      | Noticed Crazy Yiuf
  6072 | D:7      | Killed Crazy Yiuf
  6073 | D:7      | Reached skill level 7 in Shapeshifting
  6271 | D:7      | Noticed Maggie
  6292 | D:7      | Killed Maggie
  6522 | D:7      | Found Powkucs's CLEARANCE SALE!.
  6527 | D:7      | Bought a potion of cancellation for 40 gold pieces
  6527 | D:7      | Bought a +3 ring mail of fire resistance for 130 gold
                  | pieces
  6527 | D:7      | Bought a scroll of silence for 47 gold pieces
  6711 | Temple   | Became a worshipper of Makhleb the Destroyer
  6848 | D:8      | Reached skill level 8 in Shapeshifting
  6946 | D:8      | Reached XP level 10. HP: 74/80 MP: 12/15
  7031 | D:8      | Found a shimmering blue altar of Sif Muna.
  7172 | D:8      | Found Ydahugg's Book Shop.
  7272 | D:8      | Noticed a two-headed ogre
  7281 | D:8      | Killed a two-headed ogre
  7366 | D:8      | Reached skill level 1 in Invocations
  7374 | D:8      | Reached skill level 9 in Shapeshifting
  7608 | D:8      | Found an ancient bone altar of Kikubaaqudgha.
  7775 | D:8      | Found a shimmering altar of Xom.
  7933 | D:9      | Noticed a two-headed ogre
  7949 | D:9      | Reached * piety under Makhleb
  7960 | D:9      | Found a staircase to the Lair.
  8146 | D:9      | Killed a two-headed ogre
  8190 | D:9      | Noticed a two-headed ogre
  8236 | D:9      | Killed a two-headed ogre
  8241 | D:9      | Reached XP level 11. HP: 56/87 MP: 13/17
  8310 | D:9      | Reached skill level 10 in Shapeshifting
  8328 | D:9      | Identified the +2 leather armour of Entitlement {rN+
                  | Slay+2}
  8455 | D:9      | Noticed a four-headed hydra
  8457 | D:9      | Noticed a purple ugly thing
  8458 | D:9      | Noticed a wizard
  8467 | D:9      | Killed a four-headed hydra
  8481 | D:9      | Killed a red ugly thing
  8500 | D:9      | Killed a wizard
  8537 | D:9      | Identified the +0 chain mail "Osseits" {Harm rN+}
  8560 | D:9      | Identified a scroll of acquirement
  8560 | D:9      | Acquired the ring "Dubbitegg" {rC+ Str+5}
  8814 | D:9      | Reached ** piety under Makhleb
  9068 | D:10     | Entered Level 10 of the Dungeon
  9084 | D:10     | Found a hide-covered altar of Uskayaw.
  9189 | D:10     | Noticed a tengu warrior
  9203 | D:10     | Killed a tengu warrior
  9299 | D:10     | Found a staircase to the Orcish Mines.
  9398 | D:10     | Reached skill level 11 in Shapeshifting
  9484 | D:10     | Reached *** piety under Makhleb
  9638 | D:10     | Found an iron altar of Okawaru.
  9670 | D:11     | Noticed a boulder beetle
  9680 | D:11     | Killed a boulder beetle
  9681 | D:11     | Reached skill level 1 in Shields
  9791 | D:11     | Reached skill level 10 in Unarmed Combat
  9817 | D:11     | Noticed a boulder beetle
  9817 | D:11     | Paralysed by an orc for 4 turns
  9872 | D:11     | Killed a boulder beetle
  9873 | D:11     | Reached XP level 12. HP: 93/93 MP: 18/18
 10828 | D:11     | Identified the +1 robe "Put-Me-On" {rElec}
 11378 | D:12     | Reached **** piety under Makhleb
 11519 | D:12     | Found a portal to a secret trove of treasure.
 11588 | D:12     | Noticed an eight-headed hydra
 11600 | D:12     | Killed an eight-headed hydra
 11611 | D:12     | Reached skill level 12 in Shapeshifting
 11617 | D:12     | HP: 4/93 [basilisk (5)]
 11626 | D:12     | Reached skill level 5 in Invocations
 11645 | D:12     | HP: 2/93 [yaktaur/bolt (7)]
 11651 | D:12     | Hit by a large rock thrown by a cyclops

Illustrated notes

Levels and vault maps discovered:
D:1:      tarquinn_simple_flora_water_b, layout_loops_corners
D:2:      layout_rooms, uniq_natasha
D:3:      layout_basic, nzn_wu_jian_council_hall, chequers_jeans,
          grunt_ministairs_6
D:4:      layout_loops_corners, minmay_temple_entry_grid
D:5:      layout_rooms, trog_book, mainiacjoe_overflow_brackets, uniq_pikel,
          uniq_sigmund
D:6:      layout_rooms, fedhas_bush_and_centaur_altar, serial_shops,
          nicolae_shop_trees
D:7:      layout_cave_pools, serial_park, serial_park_square3
          [serial_park_minivault_5x5_8], serial_park_avenue1,
          serial_park_tiny_2, serial_park_square1 [serial_park_minivault_5x5_5],
          serial_park_tiny_1, serial_park_tiny_2, serial_park_tiny_1,
          ebering_dispersal_statue_hall, nicolae_shop_clearance,
          uniq_crazy_yiuf_cottage, uniq_maggie
D:8:      layout_basic, dreamdust_divine_triumvirate, marbit_many_paths,
          general_overflow_altar, mainiacjoe_overflow_alcove_4, serial_shops,
          nicolae_shop_just_a_little_nook
D:9:      layout_cross, lair_entry_dummy, nicolae_doodle_vault
D:10:     layout_rooms, eat_drink_and_be_merry_uskayaw, kennysheep_mini,
          kennysheep_orc_monster_closet_entryway
D:11:     layout_loops_corners, minmay_joined_circles
D:12:     minmay_dotted_concentric_squares, layout_basic,
          nicolae_trove_entry_isolated
Temple:   eino_wide_crystal_templ

Skill      XL: |  1  2  3  4  5  6  7  8  9 10 11 12 |
---------------+-------------------------------------+-----
Dodging        | 2 4 |  4.0
Shapeshifting  | 3 4 5 6 8 9 11 12 | 12.0
Fighting       | 2 3 4 |  4.0
Unarmed Combat | 3 4 5 6 7 8 10 | 10.7
Armour         | 1 2 |  2.0
Stealth        | 1 2 |  2.0
Throwing       | 1 2 |  2.0
Spellcasting   | 2 3 4 |  4.0
Evocations     | 1 2 |  2.0
Invocations    | 4 5 |  5.1
Shields        | 1 2 |  2.0

Action                     |  1- 3 |  4- 6 |  7- 9 | 10-12 || total
---------------------------+-------+-------+-------+-------++-------
  Melee: Unarmed           |    76 |   167 |   247 |   628 ||  1118
         Punch             |     2 |     2 |     2 |       ||     6
         Kick              |     4 |    52 |   111 |   255 ||   422
  Throw: Stone             |       |     1 |       |       ||     1
  Evoke: Wand              |       |       |       |     5 ||     5
    Use: Potion            |       |     4 |     1 |     4 ||     9
         Scroll            |       |     2 |    10 |     7 ||    19
   Stab: Sleeping          |     2 |     2 |       |       ||     4
         Distracted        |     1 |       |       |       ||     1
 Armour: Animal skin       |    14 |    15 |       |       ||    29
         Ring mail         |       |    13 |    69 |   270 ||   352
         Robe              |       |     3 |       |       ||     3
         Swamp dragon scal |       |       |     8 |       ||     8
  Dodge: Dodged            |    49 |    83 |   244 |   546 ||   922
         Form:             |     2 |     1 |     1 |     1 ||     5
         Beast             |     2 |     1 |       |       ||     3
         Flux              |       |       |     1 |     1 ||     2

Table legend: (Time is in decaauts)
 A = Elapsed time spent in this place.
 B = Non-inter-level travel time spent in this place.
 C = Inter-level travel time spent in this place.
 D = Time resting spent in this place.
 E = Time spent auto-exploring this place.
 F = Levels seen in this place.
 G = Mean time per level.
                   A        B        C        D        E       F      G
               +--------+--------+--------+--------+--------+-----+--------+
         Total |  11519 |  10127 |   1392 |   1134 |   6124 |  13 |  886.1 |
       Dungeon |  11461 |  10112 |   1349 |   1134 |   6124 |  12 |  955.1 |
        Temple |     57 |     15 |     42 |      0 |      0 |   1 |   57.0 |
               +--------+--------+--------+--------+--------+-----+--------+

Top non-repeatable levels by time:
    D:11: 1573 daAuts
     D:4: 1326 daAuts
     D:1: 1291 daAuts
     D:8: 1153 daAuts
     D:3: 1125 daAuts
     D:2: 1053 daAuts
     D:9: 1034 daAuts
     D:7: 753 daAuts
     D:6: 699 daAuts
    D:10: 587 daAuts
     D:5: 529 daAuts
    D:12: 333 daAuts
  Temple: 57 daAuts
